PL
NORTHERN VIRGINIA RAINBOW MERMAIDS @ CHICAGO GOLD SOX
06/22/2030
 
TOP OF THE 1ST
Northern Virginia Rainbow Mermaids batting - Pitching for Chicago Gold Sox : LHP Keisuke Nishida
Pitching: LHP Keisuke Nishida
Batting: RHB Colt Cabana 0-0: Called Strike
0-1: Bunt for hit - play at first, batter OUT! 1-3
Batting: RHB Brett Callison 0-0: Fly out, F7 (Line Drive, 7LM)
Batting: LHB Kyoji Hakoda 0-0: Ball
1-0: Called Strike
1-1: Foul Ball, location: 2F
1-2: SOLO HOME RUN (Flyball, 9D), Distance : 381 ft
Batting: SHB Eustacio Tafalla 0-0: Foul Ball, location: 2F
0-1: Called Strike
0-2: Ball
1-2: Foul Ball, location: 2F
1-2: Ball
2-2: Ball
3-2: Fly out, F9 (Flyball, 89M)
Top of the 1st over - 1 run, 1 hit, 0 errors, 0 left on base; Northern Virginia 1 - Chicago 0
BOTTOM OF THE 1ST
Chicago Gold Sox batting - Pitching for Northern Virginia Rainbow Mermaids : RHP Guldemunde Geilinger
Pitching: RHP Guldemunde Geilinger
Batting: LHB Stanley Belote 0-0: Ball
1-0: Fly out, F5 (Popup, 5F)
Batting: LHB Ricardo Collazo 0-0: Foul Ball, location: 2F
0-1: Swinging Strike
0-2: Ball
1-2: Ball
2-2: Foul Ball, location: 2F
2-2: SINGLE (Groundball, 6MS) (infield hit)
Batting: LHB Noel Ballard 0-0: Foul Ball, location: 2F
0-1: Ball
1-1: Foul Ball, location: 2F
1-2: Strikes out swinging
Batting: SHB Lupo Cotto 0-0: Ball
1-0: Called Strike
1-1: Called Strike
1-2: Strikes out swinging
Bottom of the 1st over - 0 runs, 1 hit, 0 errors, 1 left on base; Northern Virginia 1 - Chicago 0
TOP OF THE 2ND
Northern Virginia Rainbow Mermaids batting - Pitching for Chicago Gold Sox : LHP Keisuke Nishida
Batting: RHB Arlen Joysey 0-0: Called Strike
0-1: Swinging Strike
0-2: Ball
1-2: Ball
2-2: Foul Ball, location: 2F
2-2: Ball
3-2: Strikes out swinging
Batting: RHB Mike Strickland 0-0: Ball
1-0: Ball
2-0: Called Strike
2-1: Foul Ball, location: 2F
2-2: Foul Ball, location: 2F
2-2: Foul Ball, location: 2F
2-2: Fly out, F4 (Popup, 34S)
Batting: RHB Shohei Kiyomizu 0-0: Called Strike
0-1: Called Strike
0-2: TRIPLE (Line Drive, 7D)
Batting: RHB Zahid Kashani 0-0: Ball
1-0: Called Strike
1-1: Called Strike
1-2: Ball
2-2: Fly out, F6 (Line Drive, 6M)
Top of the 2nd over - 0 runs, 1 hit, 0 errors, 1 left on base; Northern Virginia 1 - Chicago 0
BOTTOM OF THE 2ND
Chicago Gold Sox batting - Pitching for Northern Virginia Rainbow Mermaids : RHP Guldemunde Geilinger
Batting: LHB Dewitt Hopper 0-0: Ball
1-0: Called Strike
1-1: Ground out U3 (Groundball, 3L)
Batting: RHB Manuel Guillama 0-0: Ball
1-0: Ball
2-0: Ground out 5-3 (Groundball, 56)
Batting: RHB Jay Hood 0-0: Called Strike
0-1: Fly out, F9 (Line Drive, 89M)
Bottom of the 2nd over - 0 runs, 0 hits, 0 errors, 0 left on base; Northern Virginia 1 - Chicago 0
TOP OF THE 3RD
Northern Virginia Rainbow Mermaids batting - Pitching for Chicago Gold Sox : LHP Keisuke Nishida
Batting: LHB Ty Tomblin 0-0: Ground out 4-3 (Groundball, 34D)
Batting: RHB Colt Cabana 0-0: Ball
1-0: Ball
2-0: Foul Ball, location: 2F
2-1: Ground out 1-3 (Groundball, P)
Batting: RHB Brett Callison 0-0: Swinging Strike
0-1: Ball
1-1: Ball
2-1: Ball
3-1: Ground out 5-3 (Groundball, 56)
Top of the 3rd over - 0 runs, 0 hits, 0 errors, 0 left on base; Northern Virginia 1 - Chicago 0
BOTTOM OF THE 3RD
Chicago Gold Sox batting - Pitching for Northern Virginia Rainbow Mermaids : RHP Guldemunde Geilinger
Batting: LHB Naohiro Sakai 0-0: Fly out, F8 (Flyball, 8RM)
Batting: RHB Zeus Preckwinkle 0-0: Ball
1-0: Ball
2-0: Foul Ball, location: 2F
2-1: Ball
3-1: Foul Ball, location: 2F
3-2: Ground out 4-3 (Groundball, 4)
Batting: LHB Stanley Belote 0-0: Ball
1-0: Foul Ball, location: 2F
1-1: Ball
2-1: Swinging Strike
2-2: SINGLE (Line Drive, 4MD)
Batting: LHB Ricardo Collazo 0-0: Called Strike
0-1: Foul Ball, location: 2F
0-2: Ball
1-2: Ball
2-2: SINGLE (Line Drive, 56)
Stanley Belote to second
Batting: LHB Noel Ballard 0-0: Ground out 4-3 (Groundball, 4)
Bottom of the 3rd over - 0 runs, 2 hits, 0 errors, 2 left on base; Northern Virginia 1 - Chicago 0
TOP OF THE 4TH
Northern Virginia Rainbow Mermaids batting - Pitching for Chicago Gold Sox : LHP Keisuke Nishida
Batting: LHB Kyoji Hakoda 0-0: Ball
1-0: Foul Ball, location: 2F
1-1: Ball
2-1: SOLO HOME RUN (Flyball, 9D), Distance : 385 ft
Batting: SHB Eustacio Tafalla 0-0: Ball
1-0: DOUBLE (Line Drive, 8LD)
Batting: RHB Arlen Joysey 0-0: Foul Ball, location: 2F
0-1: Ball
1-1: Swinging Strike
1-2: Ball
2-2: Ball
3-2: Strikes out looking
Batting: RHB Mike Strickland 0-0: Ball
1-0: Fly out, F9 (Line Drive, 9)
Batting: RHB Shohei Kiyomizu 0-0: Ground out 5-3 (Groundball, 56)
Top of the 4th over - 1 run, 2 hits, 0 errors, 1 left on base; Northern Virginia 2 - Chicago 0
BOTTOM OF THE 4TH
Chicago Gold Sox batting - Pitching for Northern Virginia Rainbow Mermaids : RHP Guldemunde Geilinger
Batting: SHB Lupo Cotto 0-0: Ground out 1-3 (Groundball, P)
Batting: LHB Dewitt Hopper 0-0: Foul Ball, location: 2F
0-1: Foul Ball, location: 2F
0-2: Ball
1-2: Ball
2-2: Foul Ball, location: 2F
2-2: Foul Ball, location: 2F
2-2: Ground out 1-3 (Groundball, P)
Batting: RHB Manuel Guillama 0-0: Fly out, F8 (Flyball, 8LD)
Bottom of the 4th over - 0 runs, 0 hits, 0 errors, 0 left on base; Northern Virginia 2 - Chicago 0
TOP OF THE 5TH
Northern Virginia Rainbow Mermaids batting - Pitching for Chicago Gold Sox : LHP Keisuke Nishida
Batting: RHB Zahid Kashani 0-0: Ball
1-0: Called Strike
1-1: Swinging Strike
1-2: Ball
2-2: SINGLE (Line Drive, 7S)
Batting: LHB Ty Tomblin 0-0: Sac Bunt - play at first, batter OUT! 1-3
Zahid Kashani to second
Batting: RHB Colt Cabana 0-0: Foul Ball, location: 2F
0-1: Ball
1-1: Ball
2-1: Foul Ball, location: 2F
2-2: Foul Ball, location: 2F
2-2: Foul Ball, location: 2F
2-2: DOUBLE (Flyball, 89XD)
Zahid Kashani scores
Batting: RHB Brett Callison 0-0: TRIPLE (Groundball, 3L)
Colt Cabana scores
Batting: LHB Kyoji Hakoda 0-0: Called Strike
0-1: Ball
1-1: Ball
2-1: Ball
3-1: Base on Balls
Batting: SHB Eustacio Tafalla 0-0: Ball
1-0: Foul Ball, location: 2F
1-1: SINGLE (Groundball, 6MD)
Brett Callison scores
Kyoji Hakoda to second
Batting: RHB Arlen Joysey 0-0: Ball
1-0: Foul Ball, location: 2F
1-1: Foul Ball, location: 2F
1-2: Strikes out looking
Batting: RHB Mike Strickland 0-0: Ball
1-0: Ball
2-0: Ground out 1-3 (Groundball, 13S)
Top of the 5th over - 3 runs, 4 hits, 0 errors, 2 left on base; Northern Virginia 5 - Chicago 0
BOTTOM OF THE 5TH
Chicago Gold Sox batting - Pitching for Northern Virginia Rainbow Mermaids : RHP Guldemunde Geilinger
Batting: RHB Jay Hood 0-0: Swinging Strike
0-1: Ball
1-1: Ground out 4-3 (Groundball, 4MS)
Batting: LHB Naohiro Sakai 0-0: Foul Ball, location: 2F
0-1: DOUBLE (Line Drive, 9LM)
Batting: RHB Zeus Preckwinkle 0-0: Fly out, F4 (Line Drive, 4MD)
Batting: LHB Stanley Belote 0-0: Called Strike
0-1: Ball
1-1: Ball
2-1: Ball
3-1: Swinging Strike
3-2: Foul Ball, location: 2F
3-2: Fly out, F9 (Flyball, 9S)
Bottom of the 5th over - 0 runs, 1 hit, 0 errors, 1 left on base; Northern Virginia 5 - Chicago 0
TOP OF THE 6TH
Northern Virginia Rainbow Mermaids batting - Pitching for Chicago Gold Sox : LHP Keisuke Nishida
Batting: RHB Shohei Kiyomizu 0-0: Called Strike
0-1: Swinging Strike
0-2: Ball
1-2: Ball
2-2: Foul Ball, location: 2F
2-2: Strikes out swinging
Batting: RHB Zahid Kashani 0-0: Ground out 5-3 (Groundball, 56)
Batting: LHB Ty Tomblin 0-0: Ball
1-0: Ball
2-0: SINGLE (Groundball, 4M) (infield hit)
Batting: RHB Colt Cabana 0-0: Ball
1-0: Ball
2-0: Ball
3-0: Base on Balls
Ty Tomblin to second
Batting: RHB Brett Callison 0-0: Called Strike
0-1: Swinging Strike
0-2: Ball
1-2: Ball
2-2: Ball
3-2: Foul Ball, location: 2F
3-2: Foul Ball, location: 2F
3-2: Fly out, F8 (Flyball, 8LS)
Top of the 6th over - 0 runs, 1 hit, 0 errors, 2 left on base; Northern Virginia 5 - Chicago 0
BOTTOM OF THE 6TH
Chicago Gold Sox batting - Pitching for Northern Virginia Rainbow Mermaids : RHP Guldemunde Geilinger
Batting: LHB Ricardo Collazo 0-0: Ball
1-0: SINGLE (Line Drive, 78M)
Batting: LHB Noel Ballard 0-0: Called Strike
0-1: Called Strike
0-2: Fly out, F8 (Flyball, 8LD)
Batting: SHB Lupo Cotto 0-0: Fly out, F8 (Flyball, 8RXD)
Batting: LHB Dewitt Hopper 0-0: Called Strike
0-1: Fly out, F9 (Flyball, 9)
Bottom of the 6th over - 0 runs, 1 hit, 0 errors, 1 left on base; Northern Virginia 5 - Chicago 0
TOP OF THE 7TH
Northern Virginia Rainbow Mermaids batting - Pitching for Chicago Gold Sox : LHP Keisuke Nishida
Pitching: RHP Woody Carlson
Batting: LHB Kyoji Hakoda 0-0: Swinging Strike
0-1: Fly out, F3 (Line Drive, 4)
Batting: SHB Eustacio Tafalla 0-0: Called Strike
0-1: Ball
1-1: Fly out, F8 (Line Drive, 89D)
Batting: RHB Arlen Joysey 0-0: Foul Ball, location: 2F
0-1: Swinging Strike
0-2: Ball
1-2: Strikes out swinging
Top of the 7th over - 0 runs, 0 hits, 0 errors, 0 left on base; Northern Virginia 5 - Chicago 0
BOTTOM OF THE 7TH
Chicago Gold Sox batting - Pitching for Northern Virginia Rainbow Mermaids : RHP Guldemunde Geilinger
Batting: RHB Manuel Guillama 0-0: Ball
1-0: Called Strike
1-1: Foul Ball, location: 2F
1-2: Strikes out swinging
Batting: RHB Jay Hood 0-0: Called Strike
0-1: Foul Ball, location: 2F
0-2: Strikes out swinging
Batting: LHB Naohiro Sakai 0-0: Ground out 1-3 (Groundball, P)
Bottom of the 7th over - 0 runs, 0 hits, 0 errors, 0 left on base; Northern Virginia 5 - Chicago 0
TOP OF THE 8TH
Northern Virginia Rainbow Mermaids batting - Pitching for Chicago Gold Sox : RHP Woody Carlson
Batting: RHB Mike Strickland 0-0: Ball
1-0: Called Strike
1-1: SINGLE (Groundball, 34D)
Batting: RHB Shohei Kiyomizu 0-0: Called Strike
0-1: Fly out, F9 (Flyball, 89S)
Batting: RHB Zahid Kashani 0-0: Fly out, F8 (Flyball, 8RM)
Pitching: RHP Rob Rocha
Batting: LHB Ty Tomblin 0-0: Ball
1-0: Swinging Strike
1-1: Foul Ball, location: 2F
1-2: Ball
2-2: Foul Ball, location: 2F
2-2: Ground out 1-3 (Groundball, 13S)
Top of the 8th over - 0 runs, 1 hit, 0 errors, 1 left on base; Northern Virginia 5 - Chicago 0
BOTTOM OF THE 8TH
Chicago Gold Sox batting - Pitching for Northern Virginia Rainbow Mermaids : RHP Guldemunde Geilinger
Batting: RHB Zeus Preckwinkle 0-0: SINGLE (Groundball, 56D)
Batting: LHB Stanley Belote 0-0: Grounds into double play, 4-6-3 (Groundball, 4)
Batting: LHB Ricardo Collazo 0-0: Called Strike
0-1: SINGLE (Line Drive, 8LS)
Batting: LHB Noel Ballard 0-0: Ball
1-0: Called Strike
1-1: Ball
2-1: Swinging Strike
2-2: Ball
3-2: Foul Ball, location: 2F
3-2: SINGLE (Groundball, 6MD)
Ricardo Collazo to second
Ricardo Collazo to third
Batting: SHB Lupo Cotto Balk!
Ricardo Collazo scores
Noel Ballard to second
0-0: Ball
1-0: Fly out, F9 (Flyball, 89M)
Bottom of the 8th over - 1 run, 3 hits, 0 errors, 1 left on base; Northern Virginia 5 - Chicago 1
TOP OF THE 9TH
Northern Virginia Rainbow Mermaids batting - Pitching for Chicago Gold Sox : RHP Rob Rocha
Batting: RHB Colt Cabana 0-0: Ball
1-0: Ball
2-0: Ball
3-0: Base on Balls
Batting: RHB Brett Callison 0-0: Foul Ball, location: 2F
0-1: Called Strike
0-2: SINGLE (Groundball, 34D)
Colt Cabana to second
Runner from 2nd tries for 3rd, SAFE, no throw
Batting: LHB Kyoji Hakoda 0-0: SINGLE (Groundball, 34D)
Colt Cabana scores
Brett Callison to second
Runner from 2nd tries for 3rd, SAFE, throw made to third
Batting: SHB Eustacio Tafalla 0-0: Foul Ball, location: 2F
0-1: Ball
1-1: Ball
2-1: Foul Ball, location: 2F
2-2: SINGLE (Groundball, 6D)
Brett Callison scores
Kyoji Hakoda to second
Batting: RHB Arlen Joysey 0-0: Ball
1-0: SINGLE (Flyball, 89M)
Kyoji Hakoda to third
Eustacio Tafalla to second
Batting: RHB Mike Strickland 0-0: Called Strike
0-1: Fly out, F9 (Line Drive, 9)
Runner from 3rd tags up, SCORES, throw made
Now in RF: Sergio Rodríguez
Batting: RHB Shohei Kiyomizu 0-0: Called Strike
0-1: Ball
1-1: Ball
2-1: 3-RUN HOME RUN (Flyball, 7D), Distance : 404 ft
Batting: RHB Zahid Kashani 0-0: Ball
1-0: Called Strike
1-1: Ball
2-1: SOLO HOME RUN (Flyball, 7LD), Distance : 352 ft
Batting: LHB Ty Tomblin 0-0: Ball
1-0: Called Strike
1-1: Called Strike
1-2: Strikes out swinging
Batting: RHB Colt Cabana 0-0: Foul Ball, location: 2F
0-1: Foul Ball, location: 2F
0-2: Ball
1-2: Foul Ball, location: 2F
1-2: Fly out, F6 (Popup, 6S)
Top of the 9th over - 7 runs, 6 hits, 0 errors, 0 left on base; Northern Virginia 12 - Chicago 1
BOTTOM OF THE 9TH
Chicago Gold Sox batting - Pitching for Northern Virginia Rainbow Mermaids : RHP Guldemunde Geilinger
Batting: LHB Dewitt Hopper 0-0: Called Strike
0-1: Ball
1-1: Ball
2-1: Foul Ball, location: 2F
2-2: SINGLE (Line Drive, 4MD)
Batting: RHB Manuel Guillama 0-0: Swinging Strike
0-1: Ball
1-1: Ball
2-1: Foul Ball, location: 2F
2-2: Ball
3-2: Strikes out swinging
Pitching: RHP Christian Mustard
Batting: RHB Jay Hood 0-0: Fielders Choice at 2nd, 3-6 (Groundball, 34)
Batting: LHB Naohiro Sakai 0-0: Ground out 1-3 (Groundball, 13)
Bottom of the 9th over - 0 runs, 1 hit, 0 errors, 1 left on base; Northern Virginia 12 - Chicago 1
Sunday, March 18th, 2018 - OOTP Baseball 18.8 Build 76